 Dungeon Crawl Stone Soup version 0.29-a0-187-ga23d9638d5 (webtiles) character file.

Game seed: 7450276136441819703

29 cyrus the Shield-Bearer (level 3, 0/20 HPs)
             Began as a Vine Stalker Fighter on Feb 21, 2022.
             Was a Follower of Makhleb.
             Succumbed to an adder's poison
             ... on level 2 of the Dungeon.
             The game lasted 00:02:19 (1101 turns).

cyrus the Shield-Bearer (Vine Stalker Fighter)      Turns: 1101, Time: 00:02:20

Health: 0/20       AC:  7    Str: 18    XL:     3   Next: 16%
Magic:  4/4        EV:  9    Int: 10    God:    Makhleb [*.....]
Gold:   62         SH:  4    Dex: 13    Spells: 2/2 levels left

rFire   . . .      SeeInvis .   a - +0 war axe
rCold   . . .      Faith    .   c - +0 buckler
rNeg    . . .      Spirit   +   b - +0 scale mail
rPois   +          Reflect  .   (no helmet)
rElec   .          Harm     .   (no cloak)
rCorr   .          Rampage  .   (no gloves)
Will    .....                   h - +0 pair of boots
Stlth   ..........              (no amulet)
HPRegen 0.06/turn               k - ring of poison resistance
MPRegen 0.09/turn               (no ring)

@: lethally poisoned (0 -> -1)
A: fangs 2, magic shield, antimagic bite, no potion heal 2
a: Renounce Religion


You were on level 2 of the Dungeon.
You worshipped Makhleb.
Makhleb was aware of your devotion.
You visited 1 branch of the dungeon, and saw 2 of its levels.

You collected 62 gold pieces.

Inventory:

Hand Weapons
 a - a +0 war axe (weapon)
Armour
 b - a +0 scale mail (worn)
 c - a +0 buckler (worn)
 h - a +0 pair of boots (worn)
Jewellery
 k - a ring of poison resistance (left hand)
Scrolls
 e - 4 scrolls of teleportation {unknown}
 f - 2 scrolls of identify {unknown}
 g - a scroll of fear {unknown}
 i - a scroll of vulnerability {unknown}
 l - a scroll of silence {unknown}
Potions
 d - a potion of might
 j - 2 potions of mutation {unknown}


   Skills:
 + Level 3.0 Fighting
 + Level 2.1 Axes
 + Level 2.6 Armour
 + Level 0.1 Dodging
 + Level 3.0 Shields


You had 2 spell levels left.
You didn't know any spells.
Your spell library contained the following spells:

 Spells                   Type           Power      Damage    Failure   Level
 Conjure Flame            Conj/Fire      0%         6-21      99%         3
 Ignite Poison            Fire/Tmut/Pois 0%         N/A       99%         3
 Sticky Flame             Conj/Fire      0%         2d3       100%        4


Dungeon Overview and Level Annotations

Branches:
Dungeon (2/15)

Altars:
Makhleb


Innate Abilities, Weirdness & Mutations

You have extremely sharp teeth.
When hurt, damage is shared between your health and your magic reserves.
Your bite disrupts and absorbs the magic of your enemies.
Potions cannot restore your health.


Message History

There is an escape hatch in the floor here.
You see here a ball python corpse.
You start resting.
An adder comes into view.
An adder is nearby!
An adder is nearby!
An adder is nearby!
The adder hisses angrily.
Found a scroll labelled FOAR IRATTU.
You closely miss the adder. You bite the adder. You drain its power.
The adder is lightly wounded.
The adder bites you. x2
The adder bites you but does no damage.
You barely miss the adder.
The adder is lightly wounded.
The adder barely misses you.
You closely miss the adder. The adder bites you.
You are poisoned.
The adder poisons you! The adder bites you.
You completely miss the adder. Your bite misses the adder.
* * * LOW HITPOINT WARNING * * *
You feel very sick. You block the adder's attack. The adder closely misses you.
You hit the adder.
The adder is moderately wounded.
* * * LOW HITPOINT WARNING * * *
You feel sick. The adder bites you but does no damage. The adder bites you.
* * * LOW HITPOINT WARNING * * *
* * * LOW HITPOINT WARNING * * *
You feel sick. The adder bites you but does no damage.
* * * LOW HITPOINT WARNING * * *
You feel sick. The adder bites you but does no damage.
* * * LOW HITPOINT WARNING * * *
You feel sick.
Cleave: a) +0 war axe
Press: ? - help, Dir - move target, f - adder
Aim: an adder (moderately wounded, about 65% to evade your +0 war axe)
You miss the adder. Your bite misses the adder.
The adder is moderately wounded.
You die...

#?#.# ##.# ###.#...
....# + ......##
##..##### #.....###
#........
##.#....####..).....
####.)........#......##
.........^....#......##
#..........######.##
#..@S....†.### #....
#.....>......###...#
#..........#......##
#..........####...##
#..........#<.......
#..........#.......#
.......>....#.......#
...##################
...


You could see an adder.

Vanquished Creatures
  A worm (D:2)
  3 ball pythons
  2 endoplasms (D:2)
  A giant cockroach (D:1)
  2 goblins (D:1)
  5 hobgoblins
  A quokka (D:1)
  5 bats (D:1)
  2 rats
22 creatures vanquished.

Notes
Turn   | Place    | Note
-------+----------+-------------------------------------------
     0 | D:1      | cyrus the Vine Stalker Fighter began the quest for the Orb.
     0 | D:1      | Reached XP level 1. HP: 11/11 MP: 2/2
   349 | D:1      | Reached XP level 2. HP: 15/16 MP: 3/3
   600 | D:1      | Found a faded altar of an unknown god.
   616 | D:1      | Prayed at the altar of an unknown god.
   616 | D:1      | Became a worshipper of Makhleb the Destroyer
   616 | D:1      | Reached * piety under Makhleb
   982 | D:2      | Reached XP level 3. HP: 19/19 MP: 4/4
  1099 | D:2      | HP: 1/20 [poisoned by an adder]
  1101 | D:2      | Succumbed to an adder's poison

Illustrated notes

Levels and vault maps discovered:
D:1:      dpeg_arrival_stone_temple_mockup, layout_loops_corners,
          shapermc_ecumenical_altar_mp_highgroup
D:2:      layout_rooms, grunt_ministairs_4, minmay_worlds_worst_comb

Skill      XL: |  1  2  3 |
---------------+----------+-----
Axes           | 2 |  2.1
Shields        | 3 |  3.0
Fighting       | 3 |  3.0
Armour         | |  2.6
Dodging        | |  0.1

Action                   || total
-------------------------++-------
Melee: War axe           ||    64
       Bite              ||    10
Armor: Scale mail        ||    49
Dodge: Dodged            ||    36
Block: Buckler           ||    21

Table legend: (Time is in decaauts)
 A = Elapsed time spent in this place.
 B = Non-inter-level travel time spent in this place.
 C = Inter-level travel time spent in this place.
 D = Time resting spent in this place.
 E = Time spent auto-exploring this place.
 F = Levels seen in this place.
 G = Mean time per level.
                   A        B        C        D        E       F      G
               +--------+--------+--------+--------+--------+-----+--------+
         Total |   1128 |   1128 |      0 |     88 |    757 |   2 |  564.0 |
       Dungeon |   1128 |   1128 |      0 |     88 |    757 |   2 |  564.0 |
               +--------+--------+--------+--------+--------+-----+--------+

Top non-repeatable levels by time:
     D:1: 927 daAuts
     D:2: 200 daAuts
